 Dungeon Crawl Stone Soup version 0.20.0-15-g7f486f2 (webtiles) character file.

193 Naow the Magician (level 5, -11/28 HPs)
             Began as a Deep Elf Earth Elementalist on June 10, 2017.
             Mangled by an ogre
             ... wielding a cursed -3 giant club
              (28 damage)
             ... on level 3 of the Dungeon.
             The game lasted 00:03:08 (2249 turns).

Naow the Magician (Deep Elf Earth Elementalist)     Turns: 2249, Time: 00:03:09

Health: -11/28     AC:  2    Str:  5    XL:     5   Next: 44%
Magic:  10/15      EV: 13    Int: 21    God:
Gold:   188        SH:  0    Dex: 15    Spells: 14/15 levels left

rFire    . . .     SeeInvis .   (no weapon)
rCold    . . .     Gourm    .   (no shield)
rNeg     . . .     Faith    .   c - +0 robe
rPois    .         Spirit   .   (no helmet)
rElec    .         Reflect  .   (no cloak)
rCorr    .         Harm     .   (no gloves)
MR       .....                  (no boots)
Stlth    ++........             (no amulet)
Regen    0.1/turn               (no ring)
MPRegen  0.2/turn               (no ring)

@: no status effects
A: no striking features
a: no special abilities


You were on level 3 of the Dungeon.
You were not hungry.

You visited 1 branch of the dungeon, and saw 4 of its levels.

You collected 188 gold pieces.

Inventory:

Missiles
 b - 10 stones (quivered)
Armour
 c - a +0 robe (worn)
Scrolls
 a - 2 scrolls of magic mapping {unknown}
 h - 2 scrolls of remove curse {unknown}
 j - a scroll of random uselessness {unknown}
 l - 5 scrolls of identify {unknown}
 o - 2 scrolls of amnesia {unknown}
 p - a scroll of blinking {unknown}
 q - a scroll of teleportation {unknown}
Potions
 f - 2 potions of haste {unknown}
 g - a potion of invisibility {unknown}
 i - a potion of brilliance {unknown}
 m - a potion of heal wounds {unknown}
Books
 e - a book of Geomancy

   Spells                             Type                      Level
   a - Sandblast                      Earth                        1
   b - Passwall                       Transmutation/Earth          2
   c - Stone Arrow                    Conjuration/Earth            3
   d - Petrify                        Transmutation/Earth          4
   e - Lee's Rapid Deconstruction     Earth                        5
Comestibles
 d - 5 bread rations
 k - 2 royal jellies
 n - 2 chunks of flesh


   Skills:
 - Level 2.4 Dodging
 - Level 2.4 Stealth
 + Level 5.6 Spellcasting
   Level 1.1 Transmutations
 + Level 5.4 Earth Magic


You had 14 spell levels left.
You knew the following spells:

 Your Spells              Type           Power        Failure   Level  Hunger
a - Sandblast             Erth           ####..       1%          1    None


Dungeon Overview and Level Annotations

Branches:
Dungeon (4/15)
 Temple: D:4-7

Altars:
Nemelex Xobeh


Message History

Casting: Sandblast
Confirm with . or Enter, or press ? or * to list all spells.
Aiming: Sandblast
Press: ? - help, Shift-Dir - straight line, f - ogre
Aim: an ogre, wielding a giant club The blast of sand hits the ogre.
The ogre is heavily wounded.
b - 11 stones The ogre closely misses you.
Casting: Sandblast
Confirm with . or Enter, or press ? or * to list all spells.
Aiming: Sandblast
Press: ? - help, Shift-Dir - straight line, f/p - ogre
Aim: an ogre, wielding a giant club (heavily wounded)
The blast of sand hits the ogre.
The ogre is almost dead.
b - 10 stones The ogre hits you with a giant club!!
Ouch! That really hurt!
You die...

......#....#.....>............#
..........................(...#
............##................#
............##......(...).....#
#............##..............##
#........##...##.....##.....##
#.....##.##.#.....###########
#....>#........#.##
#.....#.....<.##@.#
......#........O#.#######
......#.#..#..>...#.....##
........##...............##
........##................#
.#).....##...)............#
..........................#
#.)#......................#
.......##................รท#


You could see an ogre.

Vanquished Creatures
  5 adders
  7 gnolls
  A worm (D:2)
  A dart slug (D:3)
  3 leopard geckos
  3 orcs
  2 giant cockroaches
  7 goblins
  4 hobgoblins
  10 jackals
  11 kobolds
  A ball python (D:1)
  9 bats
  6 frilled lizards
  4 rats
74 creatures vanquished.

Notes
Turn   | Place    | Note
-------+----------+-------------------------------------------
     0 | D:1      | Naow the Deep Elf Earth Elementalist began the quest for the Orb.
     0 | D:1      | Reached XP level 1. HP: 10/10 MP: 6/6
    96 | D:1      | Reached XP level 2. HP: 13/15 MP: 0/8
   952 | D:2      | Reached XP level 3. HP: 17/19 MP: 8/10
  1380 | D:2      | Reached XP level 4. HP: 24/24 MP: 10/12
  1614 | D:2      | Found a sparkling altar of Nemelex Xobeh.
  1673 | D:3      | Reached skill level 5 in Spellcasting
  1673 | D:3      | Reached skill level 5 in Earth Magic
  1928 | D:3      | Reached XP level 5. HP: 28/28 MP: 8/14
  2239 | D:4      | Noticed an ogre
  2249 | D:3      | Mangled by an ogre

Skill      XL: |  1  2  3  4 |
---------------+-------------+-----
Earth Magic    | 4 5 |  5.4
Spellcasting   | 4 5 |  5.6
Dodging        | |  2.4
Stealth        | |  2.4
Transmutations | |  1.1

Action                   |  1- 3 |  4- 6 || total
-------------------------+-------+-------++-------
Melee: Unarmed           |     8 |     3 ||    11
 Cast: Sandblast         |    61 |    42 ||   103
 Stab: Sleeping          |     1 |       ||     1
  Eat: Chunk             |     1 |     3 ||     4
Armor: Robe              |    11 |     3 ||    14
Dodge: Dodged            |    30 |    22 ||    52
